[Event "Titled Tuesday Blitz November 14 Late 2023"]
[White "Mariia89"]
[Black "Dragomirescu, Robin-Alexandru"]
[BlackFideId "1213849"]
[WhiteElo "2175"]
[BlackElo "2543"]
[Result "0-1"]
[Round "1"]
[TimeControl "180+1"]
[Date "2023.11.14"]
[WhiteClock "0:00:11"]
[BlackClock "0:01:00"]
[Board "157"]

1. d4 d5 2. c4 Nc6 3. Nf3 Bg4 4. e3 e5 5. dxe5 d4 6. h3 Bb4+ 7. Bd2 dxe3 8. fxe3 Bxf3 9. Qxf3 Nxe5 10. Qe4 Qe7 11. Qxb7 Bxd2+ 12. Nxd2 Rd8 13. Qb5+ c6 14. Qa5 Nf6 15. O-O-O O-O 16. Qc3 Rfe8 17. Be2 Ned7 18. Bf3 Qxe3 19. Qxe3 Rxe3 20. Bxc6 Ne5 21. Bf3 Nd3+ 22. Kb1 Nf2 23. Rhe1 Rxe1 24. Rxe1 Rxd2 25. c5 Nd3 26. Re7 Rxb2+ 27. Ka1 Rc2 28. Rc7 Rc1# 0-1


[Site "https://www.chess.com"]

[Event "Titled Tuesday Blitz November 14 Late 2023"]
[White "Novik, Maxim"]
[Black "ThePeasant98"]
[WhiteFideId "4102924"]
[WhiteElo "2543"]
[BlackElo "2170"]
[Result "1-0"]
[Round "1"]
[TimeControl "180+1"]
[Date "2023.11.14"]
[WhiteClock "0:01:16"]
[BlackClock "0:00:01"]
[Board "158"]

1. e4 c5 2. Nf3 d6 3. d4 cxd4 4. Nxd4 Nf6 5. Nc3 Nc6 6. Be3 e5 7. Nf3 Be7 8. Bc4 O-O 9. O-O Be6 10. Bb3 a6 11. Qe2 b5 12. Rfd1 Rb8 13. Bg5 b4 14. Nd5 Nxd5 15. exd5 Bxg5 16. dxe6 fxe6 17. Bxe6+ Kh8 18. Nxg5 Qxg5 19. Rxd6 Nd4 20. Qe4 Qf6 21. f4 Nxe6 22. Qxe5 Qxe5 23. fxe5 Nf4 24. Rxa6 Rbe8 25. Re1 Rf7 26. Rb6 Ng6 27. Rxb4 Rfe7 28. Rbe4 Rxe5 29. Rxe5 Rxe5 30. Rxe5 Nxe5 31. Kf2 Kg8 32. a4 Kf7 33. Ke3 Ke6 34. Ke4 Kd6 35. b4 Nc6 36. c3 Na7 37. c4 Kc6 38. c5 Nc8 39. Kd4 Ne7 40. b5+ Kc7 41. a5 Nf5+ 42. Ke4 Nh4 43. g4 Ng6 44. a6 Ne7 45. b6+ Kc6 46. a7 Kb7 47. Ke5 Nc6+ 48. Kd6 Na5 49. c6+ Nxc6 50. a8=Q+ 1-0


[Site "https://www.chess.com"]

[Event "Titled Tuesday Blitz November 14 Late 2023"]
[White "Novikova, Margarita"]
[Black "Statham_l3"]
[WhiteFideId "14109689"]
[WhiteElo "2156"]
[BlackElo "2542"]
[Result "1-0"]
[Round "1"]
[TimeControl "180+1"]
[Date "2023.11.14"]
[WhiteClock "0:00:33"]
[BlackClock "0:00:00"]
[Board "159"]

1. e4 e5 2. Nf3 Nc6 3. Bc4 Bc5 4. d3 Nf6 5. O-O d6 6. a3 a5 7. h3 h6 8. Re1 Be6 9. Nbd2 Qd7 10. Bxe6 fxe6 11. Nb3 Bb6 12. d4 a4 13. dxe5 axb3 14. exf6 bxc2 15. Qxc2 gxf6 16. Bd2 O-O-O 17. b4 e5 18. b5 Nd4 19. Nxd4 Bxd4 20. Qa4 Kb8 21. Rac1 Rhg8 22. Kh1 Bxf2 23. Rf1 Bb6 24. Ba5 Rg3 25. Bxb6 cxb6 26. Rf5 Rdg8 27. Rc2 d5 28. Rd2 Qc8 29. Qd1 Qc3 30. Rh5 dxe4 31. Rxh6 e3 32. Re2 Qd4 33. Qf1 Qe4 34. Rxf6 Ka7 35. Rf3 Rxf3 36. gxf3 Qf4 37. a4 1-0


[Site "https://www.chess.com"]

[Event "Titled Tuesday Blitz November 14 Late 2023"]
[White "Ismayil, Malak"]
[Black "Orphanator2009"]
[WhiteFideId "13412604"]
[WhiteElo "2542"]
[BlackElo "2151"]
[Result "1-0"]
[Round "1"]
[TimeControl "180+1"]
[Date "2023.11.14"]
[WhiteClock "0:00:10"]
[BlackClock "0:00:15"]
[Board "160"]

1. e4 c5 2. Nf3 Nc6 3. Bb5 g6 4. Bxc6 dxc6 5. d3 Bg7 6. Nc3 Nf6 7. Be3 b6 8. Qd2 Bg4 9. Ne5 Qc7 10. f4 h5 11. a4 Nd7 12. Nxd7 Bxd7 13. a5 O-O 14. O-O f5 15. e5 Be6 16. d4 Rfd8 17. Qf2 cxd4 18. Bxd4 c5 19. Be3 Rac8 20. axb6 axb6 21. Nb5 Qb7 22. Ra7 Qb8 23. Rfa1 Bd7 24. Nc3 Rc7 25. Rxc7 Qxc7 26. Nd5 Qb7 27. Nc3 Bc6 28. Qg3 Kf7 29. h4 Ra8 30. e6+ Kxe6 31. Qxg6+ Bf6 32. Re1 Be4 33. Bf2 Kd7 34. Nxe4 fxe4 35. Rxe4 Ra1+ 36. Kh2 Ra2 37. Qf5+ Kd8 38. Re2 Qd7 39. Qxh5 Rxb2 40. Be3 Qd1 41. Rd2+ Qxd2 42. Bxd2 Rxc2 43. Be3 Kc8 44. Qf5+ Kc7 45. Qxc2 1-0


[Site "https://www.chess.com"]

[Event "Titled Tuesday Blitz November 14 Late 2023"]
[White "Dahlgren, James Allen"]
[Black "Ongut, Tamas Gunes"]
[WhiteFideId "22256873"]
[BlackFideId "770280"]
[WhiteElo "2145"]
[BlackElo "2540"]
[Result "0-1"]
[Round "1"]
[TimeControl "180+1"]
[Date "2023.11.14"]
[WhiteClock "0:01:20"]
[BlackClock "0:01:48"]
[Board "161"]

1. d3 d5 2. f4 Nf6 3. Nf3 c5 4. g3 Nc6 5. Bg2 g6 6. O-O Bg7 7. Nc3 d4 8. Ne4 Nxe4 9. dxe4 O-O 10. e5 f6 11. e4 fxe5 12. f5 gxf5 13. Ng5 h6 14. Nh3 fxe4 15. Rxf8+ Qxf8 16. Nf2 e3 17. Ne4 Bf5 18. Nxc5 e6 19. Nxb7 e4 20. g4 Bxg4 21. Qxg4 Qf2+ 22. Kh1 Qe1+ 23. Bf1 Qxf1+ 24. Qg1 Qf3+ 25. Qg2 Rf8 26. Nc5 Qd1+ 27. Qg1 Rf1 0-1


[Site "https://www.chess.com"]

[Event "Titled Tuesday Blitz November 14 Late 2023"]
[White "dodoucb"]
[Black "Fuentes Godoy, Lilia Ivonne"]
[BlackFideId "5104130"]
[WhiteElo "2540"]
[BlackElo "2138"]
[Result "1-0"]
[Round "1"]
[TimeControl "180+1"]
[Date "2023.11.14"]
[WhiteClock "0:00:01"]
[BlackClock "0:00:00"]
[Board "162"]

1. e4 c6 2. d4 d5 3. e5 Bf5 4. g4 Bg6 5. e6 fxe6 6. Nf3 Nf6 7. Bd3 Be4 8. g5 Bxd3 9. Qxd3 Ne4 10. Nbd2 Nxd2 11. Bxd2 g6 12. h4 Qb6 13. h5 Rg8 14. hxg6 hxg6 15. Ne5 Nd7 16. Nxd7 Kxd7 17. O-O-O Bg7 18. c3 Raf8 19. Rde1 Bh8 20. f4 c5 21. dxc5 Qxc5 22. Re2 Rc8 23. Qh3 Rc6 24. Rhe1 Qb6 25. Kb1 d4 26. cxd4 Bxd4 27. Bc1 Rgc8 28. Rd1 Kc7 29. b3 Qb4 30. Qg3 Kd7 31. Qd3 Rd6 32. Qxg6 Qc3 33. Bb2 Qc5 34. Bxd4 Rxd4 35. Qxe6+ Kc7 36. Rc1 1-0


[Site "https://www.chess.com"]

[Event "Titled Tuesday Blitz November 14 Late 2023"]
[White "Lopez Perdomo, Juan David"]
[Black "RodokininEV"]
[WhiteFideId "4405137"]
[WhiteElo "2137"]
[BlackElo "2539"]
[Result "1-0"]
[Round "1"]
[TimeControl "180+1"]
[Date "2023.11.14"]
[WhiteClock "0:01:06"]
[BlackClock "0:00:15"]
[Board "163"]

1. e4 c5 2. d4 cxd4 3. c3 dxc3 4. Nxc3 e6 5. Nf3 a6 6. Bc4 b5 7. Bb3 Bb7 8. O-O Nc6 9. Qe2 Na5 10. Bd5 Ne7 11. Bxb7 Nxb7 12. Bg5 f6 13. Bh4 Ng6 14. Bg3 Be7 15. Rfd1 O-O 16. h4 Rc8 17. h5 Nh8 18. Rd2 Na5 19. Rad1 Nc4 20. Rxd7 Qe8 21. Rb7 Rd8 22. Rxd8 Qxd8 23. b3 Qc8 24. Rxe7 Nd6 25. Bxd6 Nf7 26. Rc7 Qd8 27. e5 fxe5 28. Bxe5 Nxe5 29. Qxe5 Rf5 30. Qxe6+ 1-0


[Site "https://www.chess.com"]

[Event "Titled Tuesday Blitz November 14 Late 2023"]
[White "Leenhouts, Koen"]
[Black "Andreassen, Lars"]
[WhiteFideId "1008439"]
[BlackFideId "1504878"]
[WhiteElo "2538"]
[BlackElo "2136"]
[Result "1-0"]
[Round "1"]
[TimeControl "180+1"]
[Date "2023.11.14"]
[WhiteClock "0:00:13"]
[BlackClock "0:00:12"]
[Board "164"]

1. Nf3 d5 2. g3 Nf6 3. Bg2 g6 4. O-O Bg7 5. c4 c6 6. cxd5 cxd5 7. d4 O-O 8. Nc3 Nc6 9. Bf4 e6 10. Ne5 Nxe5 11. Bxe5 Bd7 12. Rc1 Rc8 13. Qb3 Qb6 14. Qxb6 axb6 15. Rc2 Bc6 16. Rfc1 Ra8 17. a3 Ne4 18. Bxg7 Kxg7 19. Bxe4 dxe4 20. e3 f5 21. Ne2 Rf7 22. Nf4 Kf6 23. Rxc6 bxc6 24. Rxc6 Re8 25. d5 b5 26. dxe6 Rb7 27. h4 b4 28. axb4 Ke5 29. Rc5+ Kd6 30. Rd5+ Kc6 31. Rd4 Reb8 32. Rc4+ Kd6 33. Rd4+ Kc6 34. Nd5 Kd6 35. e7 Kd7 36. Kg2 h6 37. b5 Ke6 38. b6 Rd7 39. e8=Q+ Rxe8 40. Nc7+ Ke7 41. Nxe8 Kxe8 42. Rxd7 Kxd7 43. g4 fxg4 44. Kg3 h5 45. Kf4 Kc6 46. Kg5 Kxb6 47. Kxg6 g3 48. fxg3 1-0


[Site "https://www.chess.com"]

[Event "Titled Tuesday Blitz November 14 Late 2023"]
[White "Petersson, Kjell"]
[Black "Baches Garcia, Guillermo"]
[WhiteFideId "1705148"]
[BlackFideId "2209764"]
[WhiteElo "2134"]
[BlackElo "2535"]
[Result "1/2-1/2"]
[Round "1"]
[TimeControl "180+1"]
[Date "2023.11.14"]
[WhiteClock "0:02:15"]
[BlackClock "0:02:17"]
[Board "165"]

1. d4 d5 2. Bf4 e6 3. e3 Bd6 4. Nd2 Nf6 5. Ngf3 O-O 6. Bd3 c5 7. c3 Qc7 8. Bxd6 Qxd6 9. Ne5 b6 10. f4 Bb7 11. Qf3 Nc6 12. g4 Ne7 13. h4 Ne4 14. Nxe4 dxe4 15. Bxe4 Bxe4 16. Qxe4 cxd4 17. exd4 f5 18. gxf5 exf5 1/2-1/2


[Site "https://www.chess.com"]

[Event "Titled Tuesday Blitz November 14 Late 2023"]
[White "topce"]
[Black "Jelcic, Marko"]
[BlackFideId "14406489"]
[WhiteElo "2532"]
[BlackElo "2134"]
[Result "1-0"]
[Round "1"]
[TimeControl "180+1"]
[Date "2023.11.14"]
[WhiteClock "0:01:43"]
[BlackClock "0:00:36"]
[Board "166"]

1. c4 c5 2. Nc3 Nc6 3. g3 e5 4. Bg2 g6 5. d3 Bg7 6. h4 h5 7. Bg5 Nge7 8. Bxe7 Nxe7 9. e3 d6 10. Nge2 Rb8 11. O-O Be6 12. b3 O-O 13. Qd2 d5 14. cxd5 Nxd5 15. Nxd5 Bxd5 16. Bxd5 Qxd5 17. Nc3 Qd7 18. e4 f5 19. Rad1 f4 20. Kh2 Qg4 21. Rg1 Bh6 22. Qe2 f3 23. Qf1 Qe6 24. Qh3 Qf7 25. Nd5 Kh7 26. g4 Bf4+ 27. Kh1 hxg4 28. Rxg4 Rg8 29. Qxf3 Rbf8 30. Rdg1 Bc1 31. Qxf7+ Rxf7 32. Rxc1 1-0


[Site "https://www.chess.com"]

[Event "Titled Tuesday Blitz November 14 Late 2023"]
[White "Levine, David"]
[Black "Pourkashiyan, Atousa"]
[WhiteFideId "2011611"]
[BlackFideId "12502014"]
[WhiteElo "2123"]
[BlackElo "2531"]
[Result "0-1"]
[Round "1"]
[TimeControl "180+1"]
[Date "2023.11.14"]
[WhiteClock "0:00:44"]
[BlackClock "0:01:24"]
[Board "167"]

1. d4 Nf6 2. c4 e6 3. g3 d5 4. Bg2 dxc4 5. Nf3 Nbd7 6. Qc2 Nb6 7. Nbd2 Bb4 8. O-O Bxd2 9. Bxd2 O-O 10. a4 a5 11. e4 Bd7 12. Bc3 Bc6 13. Rfe1 Qe8 14. e5 Nfd5 15. Ng5 g6 16. Qd2 Nxa4 17. Rxa4 Bxa4 18. Bxd5 exd5 19. e6 fxe6 20. Rxe6 Qd7 21. Re5 Rae8 22. f4 b6 23. Qg2 Bc6 24. Qh3 Qxh3 0-1


[Site "https://www.chess.com"]

[Event "Titled Tuesday Blitz November 14 Late 2023"]
[White "Womacka, Mathias"]
[Black "Fernandez Hernandez, Gerardo"]
[WhiteFideId "4611390"]
[BlackFideId "2207400"]
[WhiteElo "2531"]
[BlackElo "2119"]
[Result "1-0"]
[Round "1"]
[TimeControl "180+1"]
[Date "2023.11.14"]
[WhiteClock "0:00:31"]
[BlackClock "0:00:00"]
[Board "168"]

1. e4 e6 2. d4 d5 3. Nd2 Nc6 4. Ngf3 Nf6 5. e5 Nd7 6. Bd3 f6 7. exf6 Qxf6 8. Nf1 h6 9. Ne3 Bd6 10. O-O O-O 11. Ng4 Qf7 12. Re1 Rd8 13. c3 Nf8 14. h3 Kh8 15. Bc2 Bd7 16. Qd3 Be8 17. Nfe5 Nxe5 18. Nxe5 Bxe5 19. Rxe5 c5 20. dxc5 Qf6 21. f4 Rac8 22. Be3 Bg6 23. Qd2 Bxc2 24. Qxc2 Ng6 25. Bd4 Nxe5 26. Bxe5 Qf5 27. Qf2 Kh7 28. Qd4 g6 29. Rf1 Qe4 30. Qf2 Rf8 31. Re1 Qf5 32. Qd4 Rf7 33. Re3 g5 34. fxg5 hxg5 35. Kh2 Rg8 36. Rg3 Kh6 37. Rg4 Qf2 38. b4 Qxd4 39. cxd4 a6 40. a4 Rf2 41. Rg3 Rc2 42. Rf3 1-0


[Site "https://www.chess.com"]

[Event "Titled Tuesday Blitz November 14 Late 2023"]
[White "Feliz Dotel, Dewar Bienvenido"]
[Black "Herman, Matthew"]
[WhiteFideId "6402801"]
[BlackFideId "2028964"]
[WhiteElo "2109"]
[BlackElo "2530"]
[Result "1/2-1/2"]
[Round "1"]
[TimeControl "180+1"]
[Date "2023.11.14"]
[WhiteClock "0:00:05"]
[BlackClock "0:00:06"]
[Board "169"]

1. d4 Nf6 2. e3 g6 3. Nf3 Bg7 4. Be2 O-O 5. b4 b6 6. O-O Bb7 7. Bb2 d6 8. c4 Nbd7 9. Nc3 e6 10. Nd2 a5 11. a3 Re8 12. Bf3 Bxf3 13. Qxf3 Qc8 14. Nde4 Nxe4 15. Nxe4 f5 16. Nc3 Nf6 17. Nb5 Ne4 18. Qe2 c6 19. Nc3 Nxc3 20. Bxc3 c5 21. Rab1 axb4 22. axb4 Ra3 23. Qb2 Qa6 24. Ra1 Ra8 25. bxc5 bxc5 26. Rxa3 Qxa3 27. Ra1 Qxa1+ 28. Qxa1 Rxa1+ 29. Bxa1 Kf7 30. Kf1 Ke7 31. Ke2 Kd7 32. Kd3 Kc6 33. Bc3 cxd4 34. exd4 d5 35. Bb4 dxc4+ 36. Kxc4 h5 37. h3 Bf6 38. f3 Bh4 39. Ba3 Bf2 40. Bb4 Be3 41. Bc5 Bf4 42. Bb4 Be3 43. Ba3 Bf2 44. Bb4 Bg1 45. Ba3 g5 46. Be7 g4 47. fxg4 fxg4 48. hxg4 hxg4 49. Bb4 Bf2 50. Be7 Bg1 51. Bb4 Be3 52. Be7 Bf4 53. Bb4 Bc7 54. Be7 Bb6 55. Bb4 Ba7 56. Be7 Bb6 57. Bb4 Bc7 58. Bc5 Bf4 59. Bb4 Kd7 60. Bc5 Ke8 61. Bb4 Kf7 62. d5 exd5+ 63. Kxd5 Kg6 64. Ke4 Bc7 65. Bd2 Kh5 66. Be1 Bb8 67. Bf2 Bd6 68. Be3 Kh4 69. Bf4 Bc5 70. Be5 Bf2 71. Bf4 Be1 72. Be5 Bg3 73. Bf6+ Kh5 74. Kf5 Be1 75. Be7 Bc3 76. Bf6 Bd2 77. Be7 Bc1 78. Bf6 Bh6 79. Be7 Bg7 80. Bf6 Bxf6 81. Kxf6 Kh4 82. Kf5 Kg3 83. Kg5 Kxg2 84. Kxg4 1/2-1/2


[Site "https://www.chess.com"]

[Event "Titled Tuesday Blitz November 14 Late 2023"]
[White "Oliveira, Tiago Batista"]
[Black "Karas, Marek"]
[WhiteFideId "2108291"]
[BlackFideId "14928558"]
[WhiteElo "2078"]
[BlackElo "2529"]
[Result "0-1"]
[Round "1"]
[TimeControl "180+1"]
[Date "2023.11.14"]
[WhiteClock "0:00:00"]
[BlackClock "0:02:10"]
[Board "171"]

1. d4 Nf6 2. c4 c5 3. d5 b5 4. cxb5 a6 5. bxa6 e6 6. Nc3 exd5 7. Nxd5 Nxd5 8. Qxd5 Nc6 9. Qe4+ Be7 10. Nf3 d5 11. Qb1 O-O 12. h4 Bxa6 13. e3 Bxf1 14. Kxf1 d4 15. exd4 Nxd4 16. Ng5 g6 17. Be3 Qd5 18. b3 Bf6 19. Qe4 Qd7 20. Rd1 Rxa2 21. h5 Re8 22. Qb1 Rxe3 23. fxe3 Qb5+ 24. Qd3 Qxd3+ 25. Rxd3 Ra1+ 26. Kf2 Rxh1 27. Ne4 Bh4+ 28. g3 Rh2+ 29. Kg1 Nf3+ 30. Kf1 Be7 31. Rd7 Kf8 32. hxg6 hxg6 33. Rb7 Nd2+ 34. Nxd2 Rxd2 35. g4 Bg5 36. Rc7 Bxe3 37. Ke1 Rb2 38. Rb7 Bd4 0-1


[Site "https://www.chess.com"]

[Event "Titled Tuesday Blitz November 14 Late 2023"]
[White "Vafin, Ayrat"]
[Black "miraitrunks"]
[WhiteFideId "4146530"]
[WhiteElo "2528"]
[BlackElo "2077"]
[Result "1-0"]
[Round "1"]
[TimeControl "180+1"]
[Date "2023.11.14"]
[WhiteClock "0:02:29"]
[BlackClock "0:02:17"]
[Board "172"]

1. Nf3 c5 2. g3 Nc6 3. d4 cxd4 4. Nxd4 g6 5. Bg2 Bg7 6. Nxc6 bxc6 7. c4 Qb6 8. Qc2 Nf6 9. O-O O-O 10. Be3 Qc7 11. Nc3 Rb8 12. Rad1 Rd8 13. Bf4 e5 14. Bg5 d6 15. Ne4 Bf5 16. Bxf6 Bxf6 17. Nxf6+ Kg7 18. Ne4 d5 19. cxd5 1-0


[Site "https://www.chess.com"]

[Event "Titled Tuesday Blitz November 14 Late 2023"]
[White "Winkels, Marcel"]
[Black "Silva Lucena, Cristian"]
[WhiteFideId "1003887"]
[BlackFideId "2232588"]
[WhiteElo "2070"]
[BlackElo "2526"]
[Result "0-1"]
[Round "1"]
[TimeControl "180+1"]
[Date "2023.11.14"]
[WhiteClock "0:00:00"]
[BlackClock "0:01:05"]
[Board "173"]

1. e4 c5 2. Nf3 d6 3. d4 cxd4 4. Nxd4 Nf6 5. Nc3 a6 6. h3 e5 7. Nf3 Be7 8. g4 b5 9. g5 Nfd7 10. Be3 Bb7 11. Rg1 Nc6 12. Qd2 Qa5 13. Nd5 Qxd2+ 14. Nxd2 Rc8 15. c3 Nf8 16. h4 Ne6 17. Bh3 Na5 18. O-O-O Nc4 19. Nxc4 Rxc4 20. f3 Bxd5 21. Rxd5 O-O 22. h5 b4 23. Bf1 Rc6 24. c4 Rfc8 25. b3 Nc5 26. Kb2 a5 27. g6 fxg6 28. hxg6 a4 29. gxh7+ Kxh7 30. Bh3 R8c7 31. Bf5+ Kg8 32. Rd2 Ra6 33. Rdg2 Bf6 34. Bxc5 Rxc5 35. Be6+ Kf8 36. Rh2 Ke7 37. Bd5 axb3 38. axb3 Rca5 0-1


[Site "https://www.chess.com"]

[Event "Titled Tuesday Blitz November 14 Late 2023"]
[White "Slade, Theodore"]
[Black "Elbebiber"]
[WhiteFideId "426547"]
[WhiteElo "2525"]
[BlackElo "2061"]
[Result "1-0"]
[Round "1"]
[TimeControl "180+1"]
[Date "2023.11.14"]
[WhiteClock "0:00:36"]
[BlackClock "0:00:00"]
[Board "174"]

1. d4 e6 2. c4 Nf6 3. g3 Bb4+ 4. Nd2 O-O 5. Bg2 d5 6. Nf3 Ne4 7. O-O Nxd2 8. Bxd2 Bxd2 9. Nxd2 c6 10. e4 dxe4 11. Nxe4 Nd7 12. Nd6 Nf6 13. c5 Nd5 14. a3 b6 15. b4 Ba6 16. Re1 bxc5 17. bxc5 Qa5 18. Qh5 Bd3 19. Be4 Bxe4 20. Nxe4 Rab8 21. Ng5 h6 22. Nf3 Qc3 23. Ne5 Rb2 24. Nxc6 Qd2 25. Qf3 Nc3 26. Kg2 Ne2 27. Ne7+ Kh8 28. Ng6+ Kg8 29. Nxf8 Kxf8 30. Qa8+ Ke7 31. Qxa7+ Kf6 32. Rf1 Nxd4 33. Qc7 Qd3 34. Qf4+ Kg6 35. Rad1 1-0


[Site "https://www.chess.com"]

[Event "Titled Tuesday Blitz November 14 Late 2023"]
[White "Castillo Pena, Patricia Evarista"]
[Black "Reprintsev, Alexander"]
[WhiteFideId "6412106"]
[BlackFideId "14100541"]
[WhiteElo "2027"]
[BlackElo "2525"]
[Result "0-1"]
[Round "1"]
[TimeControl "180+1"]
[Date "2023.11.14"]
[WhiteClock "0:00:09"]
[BlackClock "0:00:08"]
[Board "175"]

1. d4 d5 2. Nf3 Nc6 3. e3 Bg4 4. Bb5 Qd6 5. Nbd2 a6 6. Be2 e5 7. dxe5 Nxe5 8. Nxe5 Bxe2 9. Qxe2 Qxe5 10. Nf3 Qh5 11. Nd4 Qxe2+ 12. Kxe2 c5 13. Nf5 g6 14. Ng3 Bg7 15. c3 h5 16. Rd1 h4 17. Nf1 Nf6 18. Nd2 g5 19. h3 O-O-O 20. Nf3 Ne4 21. Bd2 f5 22. Rac1 g4 23. hxg4 fxg4 24. Ng1 h3 25. gxh3 gxh3 26. Nf3 Bf6 27. Rh1 Kd7 28. Rcg1 Ke6 29. Rg6 Kf5 30. Rgg1 Be5 31. Nxe5 Kxe5 32. Be1 c4 33. f4+ Kf5 34. Rg7 b5 35. Bf2 a5 36. Rb7 Rdg8 37. Kf3 Nxf2 38. Kxf2 Rg2+ 39. Kf3 Rxb2 40. Rd7 Ke6 41. Ra7 Rxa2 42. Ra6+ Kd7 43. f5 h2 44. f6 Rf8 45. Kg3 Re8 46. Kf4 Re4+ 47. Kg5 Rxe3 48. f7 Rf3 49. Kg6 Raf2 50. Rxa5 Rf6+ 51. Kg5 Rxf7 52. Rxb5 Kc6 53. Ra5 Rg2+ 54. Kh6 Rf3 55. Ra6+ Kb5 56. Rg6 Rxg6+ 57. Kxg6 Rxc3 58. Rxh2 Rf3 59. Rd2 Kc5 60. Kg5 c3 61. Rc2 d4 62. Kg4 Rf8 63. Kg5 Kc4 64. Rc1 d3 65. Rh1 c2 66. Rh4+ Kc3 67. Rh1 d2 0-1


[Site "https://www.chess.com"]

[Event "Titled Tuesday Blitz November 14 Late 2023"]
[White "Rizzo, Tobias"]
[Black "Djordjevic, Dejan N"]
[WhiteFideId "30942691"]
[BlackFideId "913316"]
[WhiteElo "2523"]
[BlackElo "2026"]
[Result "1-0"]
[Round "1"]
[TimeControl "180+1"]
[Date "2023.11.14"]
[WhiteClock "0:00:03"]
[BlackClock "0:00:00"]
[Board "176"]

1. Nf3 Nf6 2. b3 g6 3. Bb2 Bg7 4. g3 d6 5. Bg2 c5 6. O-O Nc6 7. d4 cxd4 8. Nxd4 Bd7 9. c4 O-O 10. Nc3 a6 11. Rc1 Rc8 12. Qd2 Qa5 13. Rfd1 Qh5 14. Nd5 Nxd5 15. Bxd5 Bg4 16. Bf3 Nxd4 17. Bxg4 Qxg4 18. Bxd4 Bxd4 19. Qxd4 Qxe2 20. Rd2 Qf3 21. Re1 Rfe8 22. Re3 Qc6 23. Rde2 Rc7 24. Qh4 Qd7 25. Rf3 b5 26. Re4 bxc4 27. bxc4 d5 28. Rd4 Rxc4 29. Rxc4 dxc4 30. Qxc4 e6 31. Qxa6 Qd5 32. Kg2 h5 33. a3 Rb8 34. Qd3 Rb5 35. Qxd5 Rxd5 36. Rb3 Ra5 37. h4 Kg7 38. Kf3 Ra4 39. Ke3 Kf6 40. Kd3 Kf5 41. Kc3 Ke5 42. Kb2 Kd5 43. Rf3 f5 44. Kb3 Ra8 45. a4 e5 46. Rd3+ 1-0


[Site "https://www.chess.com"]

[Event "Titled Tuesday Blitz November 14 Late 2023"]
[White "tandercat"]
[Black "TimGrutter03"]
[WhiteElo "2025"]
[BlackElo "2522"]
[Result "0-1"]
[Round "1"]
[TimeControl "180+1"]
[Date "2023.11.14"]
[WhiteClock "0:00:01"]
[BlackClock "0:00:37"]
[Board "177"]

1. d4 g6 2. c4 Bg7 3. Nc3 d6 4. e4 Nc6 5. Be3 e5 6. d5 Nd4 7. Nge2 Nxe2 8. Bxe2 Ne7 9. O-O f5 10. exf5 Nxf5 11. Bd2 O-O 12. Ne4 Nd4 13. Bg4 Bf5 14. Bg5 Qd7 15. Bxf5 gxf5 16. Nd2 f4 17. f3 Nf5 18. Qe1 Ne3 19. Rf2 Qf5 20. Bh4 Nc2 21. Qc1 Nxa1 22. Qxa1 e4 23. Nxe4 Bd4 24. Kh1 Bxf2 25. Bxf2 Rae8 26. Qe1 Re5 27. Bd4 Re7 28. Qh4 Rxe4 29. fxe4 Qxe4 30. Qf2 Qb1+ 31. Qg1 Qxg1+ 32. Kxg1 Re8 33. Kf2 Re4 34. Bc3 Rxc4 35. Kf3 Kf7 36. a3 Kg6 37. h3 Kf5 38. h4 h5 39. Bg7 Rc5 40. Bc3 Rxd5 41. Bb4 Rd3+ 42. Ke2 Rb3 43. Bc3 Rxc3 44. bxc3 Kg4 45. Kf2 Kxh4 46. Kf3 Kg5 47. g3 fxg3 48. Kxg3 Kf5 0-1


[Site "https://www.chess.com"]

[Event "Titled Tuesday Blitz November 14 Late 2023"]
[White "Erdogan, Anil Berk"]
[Black "Desideri, Ricardo Maruchi"]
[WhiteFideId "6348173"]
[BlackFideId "2110440"]
[WhiteElo "2520"]
[BlackElo "1984"]
[Result "1-0"]
[Round "1"]
[TimeControl "180+1"]
[Date "2023.11.14"]
[WhiteClock "0:00:06"]
[BlackClock "0:00:00"]
[Board "178"]

1. e4 Nc6 2. Nf3 g6 3. d4 Bg7 4. Bc4 e6 5. d5 Ne5 6. Nxe5 Bxe5 7. f4 Bg7 8. dxe6 fxe6 9. Nc3 Ne7 10. O-O O-O 11. f5 gxf5 12. Bg5 h6 13. Bh4 Qe8 14. exf5 Nxf5 15. Bf2 b6 16. Bb5 Bb7 17. Qxd7 Qg6 18. Bc6 Rf7 19. Qxf7+ Kxf7 20. Bxb7 Rd8 21. Be4 Bxc3 22. bxc3 Kg8 23. Rad1 Rd6 24. Bg3 Rxd1 25. Rxd1 Qg4 26. Rd8+ Kf7 27. Rd7+ Kf6 28. Bxf5 Qxf5 29. Rd3 Qc5+ 30. Bf2 Qc4 31. Bd4+ e5 32. Rf3+ Kg5 33. Bxe5 Qxa2 34. h4+ Kxh4 35. Rh3+ Kg4 36. Rg3+ Kf5 37. Bd4 Qb1+ 38. Kh2 Qxc2 39. Rf3+ Ke4 40. Rf7 c5 41. Re7+ Kd3 42. Bg7 Kc4 43. Bxh6 Qg6 44. Bf4 Qf5 45. Bg3 1-0


[Site "https://www.chess.com"]

[Event "Titled Tuesday Blitz November 14 Late 2023"]
[White "katharinareinecke"]
[Black "Jovic, Stanoje"]
[BlackFideId "905020"]
[WhiteElo "1945"]
[BlackElo "2518"]
[Result "0-1"]
[Round "1"]
[TimeControl "180+1"]
[Date "2023.11.14"]
[WhiteClock "0:00:07"]
[BlackClock "0:01:05"]
[Board "179"]

1. d4 Nf6 2. c4 e6 3. Nf3 d5 4. g3 Bb4+ 5. Bd2 Be7 6. Bg2 O-O 7. O-O c6 8. b3 a5 9. a4 Na6 10. Nc3 Nb4 11. Qb1 b6 12. e4 Ba6 13. exd5 exd5 14. Ne5 dxc4 15. Nxc4 Qxd4 16. Rd1 Bxc4 17. Be1 Bd3 18. Qc1 Bc5 19. Ne2 Qe5 20. Bxb4 Bxe2 21. Re1 Bxb4 22. Qxc6 Rac8 23. Qxb6 Bc5 24. Qxa5 Bxf2+ 25. Kxf2 Ng4+ 0-1


[Site "https://www.chess.com"]

[Event "Titled Tuesday Blitz November 14 Late 2023"]
[White "subham777"]
[Black "Gyulamiryan-koryun"]
[WhiteElo "2518"]
[BlackElo "1875"]
[Result "1-0"]
[Round "1"]
[TimeControl "180+1"]
[Date "2023.11.14"]
[WhiteClock "0:00:16"]
[BlackClock "0:00:17"]
[Board "180"]

1. e4 e5 2. Nf3 Nc6 3. Bc4 f5 4. d3 Nf6 5. Nc3 Bb4 6. O-O Bxc3 7. bxc3 d5 8. exd5 Nxd5 9. Re1 Qd6 10. Nxe5 Nxe5 11. d4 Nxc3 12. Qh5+ g6 13. dxe5 Qc6 14. Qh4 Ne4 15. Bd3 Nc5 16. Ba3 Be6 17. Rab1 O-O 18. Bb5 Qd5 19. Rbd1 Qxa2 20. Bxc5 c6 21. Rd7 Bxd7 22. Bc4+ Be6 23. Bxa2 Bxa2 24. Bxf8 Rxf8 25. e6 Re8 26. Qf6 Bd5 27. Qf7+ Kh8 28. Qxe8+ Kg7 29. e7 Bf7 30. Qf8+ Kf6 31. e8=Q b5 32. Qee7# 1-0


[Site "https://www.chess.com"]

[Event "Titled Tuesday Blitz November 14 Late 2023"]
[White "Vargas, Mauricio"]
[Black "Meduri, Aakaash"]
[WhiteFideId "4404572"]
[BlackFideId "2032252"]
[WhiteElo "1852"]
[BlackElo "2517"]
[Result "0-1"]
[Round "1"]
[TimeControl "180+1"]
[Date "2023.11.14"]
[WhiteClock "0:00:00"]
[BlackClock "0:00:30"]
[Board "181"]

1. e4 d5 2. e5 c5 3. f4 g6 4. Nf3 Nc6 5. Bb5 Bg7 6. Bxc6+ bxc6 7. O-O Nh6 8. d3 O-O 9. Nc3 Rb8 10. b3 Ba6 11. Na4 Qa5 12. c4 Rfd8 13. Qe1 Qc7 14. Ba3 Nf5 15. Bxc5 e6 16. g4 Nh6 17. Qh4 dxc4 18. dxc4 Rd3 19. Bd6 Rxd6 20. exd6 Qxd6 21. Rad1 Qxf4 22. Ng5 Qe3+ 23. Kg2 c5 24. Rd7 Bb7+ 25. Rxb7 Rxb7 26. Nf3 Rd7 27. Qg3 Qe4 28. h3 Rd8 29. Nxc5 Qe3 30. Nb7 Rf8 31. Nd6 Bc3 32. Nb5 Bb2 33. Rf2 Ba1 34. Nxa7 Qxa7 35. Qf4 Kg7 36. Qg5 Ng8 37. h4 h6 38. Qf4 Kh7 39. g5 h5 0-1


[Site "https://www.chess.com"]